[Event "23rd Hoogeveen Open 2019"]
[Site "Hoogeveen"]
[Date "2019.10.25"]
[Round "8.23"]
[White "Albers, Sasa"]
[Black "Nicolai, Amir"]
[Result "1/2-1/2"]
[ECO "B22"]
[WhiteElo "1975"]
[BlackElo "2117"]
[Annotator "NA"]
[PlyCount "75"]
[EventDate "2019.10.19"]
[EventType "swiss"]
[EventCountry "NED"]
[SourceTitle "playchess.com"]
[Source "ChessBase"]
[SourceQuality "1"]
[TimeControl "40/5400+30:1800+30"]

1. e4 c5 2. Nf3 Nc6 3. c3 Nf6 4. e5 Nd5 5. Bc4 Nb6 6. Bb3 c4 7. Bc2 d5 8. exd6 Qxd6 9. O-O Bg4 10. Qe2 O-O-O 11. b3 Qf6 12. bxc4 Bxf3 13. Qxf3 Qxf3 14. gxf3 Nxc4 15. f4 g6 16. d4 e6 17. Nd2 Nxd2 18. Bxd2 Bh6 19. Be3 Rd5 20. Rab1 Kc7 21. Rb2 Rb8 22. Be4 Ra5 23. Rfb1 Ra4 24. Kg2 b6 25. Rc1 Na5 26. Bd3 Nc4 27. Re2 b5 28. Rb1 Kd6 29. h4 Rb6 30. h5 Ra3 31. hxg6 hxg6 32. Rb3 Ra4 33. Rb1 Bf8 34. Kf3 Ra3 35. Rb3 Ra4 36. Rb1 Ra3 37. Rb3 Ra4 38. Ke4 {[%emt 0:00:05] Ke5+} 1/2-1/2

[Event "23rd Hoogeveen Open 2019"]
[Site "Hoogeveen"]
[Date "2019.10.25"]
[Round "8.24"]
[White "Slagboom, Leandro"]
[Black "Takawira, Erick"]
[Result "0-1"]
[ECO "A14"]
[WhiteElo "1954"]
[BlackElo "2101"]
[Annotator "NA"]
[PlyCount "44"]
[EventDate "2019.10.19"]
[EventType "swiss"]
[EventCountry "NED"]
[SourceTitle "playchess.com"]
[Source "ChessBase"]
[SourceQuality "1"]
[TimeControl "40/5400+30:1800+30"]

1. Nf3 Nf6 2. c4 e6 3. g3 d5 4. Bg2 Be7 5. O-O O-O 6. b3 c5 7. Bb2 Nc6 8. cxd5 Nxd5 9. d4 cxd4 10. Nxd4 Nxd4 11. Qxd4 Bf6 12. Qd2 Bxb2 13. Qxb2 Nf6 14. Nc3 Qe7 15. Rfd1 Rb8 16. Rd2 Bd7 17. Rad1 Bc6 18. Bxc6 bxc6 19. Qc2 Rb4 20. Na4 h5 21. Qxc6 h4 22. Nc5 Rb6 0-1

[Event "23rd Hoogeveen Open 2019"]
[Site "Hoogeveen"]
[Date "2019.10.25"]
[Round "8.25"]
[White "Van Dorp, Folke"]
[Black "Stock, Andreas"]
[Result "1/2-1/2"]
[ECO "B51"]
[WhiteElo "2086"]
[BlackElo "2076"]
[Annotator "NA"]
[PlyCount "39"]
[EventDate "2019.10.19"]
[EventType "swiss"]
[EventCountry "NED"]
[SourceTitle "playchess.com"]
[Source "ChessBase"]
[SourceQuality "1"]
[TimeControl "40/5400+30:1800+30"]

1. e4 c5 2. Nf3 Nc6 3. Bb5 d6 4. O-O e5 5. h3 Nf6 6. c3 Be7 7. d4 exd4 8. cxd4 O-O 9. Re1 d5 10. exd5 Nxd5 11. Nc3 Be6 12. Ne4 Nxd4 13. Nxd4 cxd4 14. Qxd4 Qa5 15. Bf1 Rfd8 16. Bd2 Qb6 17. Qxb6 Nxb6 18. Ba5 Kf8 19. a3 Rac8 20. Be2 1/2-1/2

[Event "23rd Hoogeveen Open 2019"]
[Site "Hoogeveen"]
[Date "2019.10.25"]
[Round "8.26"]
[White "De Winter, Arthur"]
[Black "Faber, Hugo"]
[Result "1/2-1/2"]
[ECO "C07"]
[WhiteElo "1896"]
[BlackElo "2077"]
[Annotator "NA"]
[PlyCount "94"]
[EventDate "2019.10.19"]
[EventType "swiss"]
[EventCountry "NED"]
[SourceTitle "playchess.com"]
[Source "ChessBase"]
[SourceQuality "1"]
[TimeControl "40/5400+30:1800+30"]

1. e4 e6 2. d4 d5 3. Nd2 c5 4. exd5 Qxd5 5. Ngf3 cxd4 6. Bc4 Qd6 7. O-O Nf6 8. Nb3 Nc6 9. Nbxd4 Nxd4 10. Nxd4 a6 11. c3 Qc7 12. Be2 Bd6 13. h3 O-O 14. Bg5 Ne4 15. Be3 e5 16. Nf3 Bd7 17. Bd3 Bc6 18. Qc2 Nf6 19. Ng5 h6 20. Nh7 Nxh7 21. Bxh7+ Kh8 22. Bf5 Qe7 23. Rfe1 Rae8 24. Rad1 Bc5 25. Bxc5 Qxc5 26. Bd7 Re7 27. Bxc6 Qxc6 28. Qf5 g6 29. Qg4 Kh7 30. Qb4 Rfe8 31. Rd6 Qc7 32. Red1 Kg7 33. Qe4 f5 34. Qd5 Rf8 35. c4 Rff7 36. Re1 e4 37. Qd4+ Kh7 38. Rd1 Qa5 39. Rd8 Qe5 40. Qxe5 Rxe5 41. b4 Ree7 42. a4 f4 43. Re1 e3 44. fxe3 fxe3 45. Rd3 Re4 46. Rdxe3 Rxc4 47. Re4 Rxe4 1/2-1/2

[Event "23rd Hoogeveen Open 2019"]
[Site "Hoogeveen"]
[Date "2019.10.25"]
[Round "8.27"]
[White "Ypma, Jord"]
[Black "Shakhverdian, William"]
[Result "1-0"]
[ECO "D30"]
[WhiteElo "2013"]
[BlackElo "2109"]
[Annotator "NA"]
[PlyCount "103"]
[EventDate "2019.10.19"]
[EventType "swiss"]
[EventCountry "NED"]
[SourceTitle "playchess.com"]
[Source "ChessBase"]
[SourceQuality "1"]
[TimeControl "40/5400+30:1800+30"]

1. d4 d5 2. c4 c6 3. Nf3 e6 4. e3 Nf6 5. Nbd2 Be7 6. Bd3 Nbd7 7. b3 O-O 8. O-O b6 9. Bb2 Ba6 10. Qe2 Rc8 11. e4 dxe4 12. Nxe4 Nxe4 13. Qxe4 Nf6 14. Qh4 h6 15. Rad1 b5 16. c5 Nd5 17. Qe4 Nf6 18. Qh4 Nd5 19. Qg3 Qc7 20. Ne5 Bf6 21. f4 g6 22. f5 exf5 23. Bxf5 Rce8 24. Be4 Bg7 25. Bd3 Bb7 26. Rf3 Qe7 27. Kh1 Qe6 28. Rdf1 Re7 29. h4 h5 30. Qf2 f5 31. Rg3 Bxe5 32. dxe5 Bc8 33. Rg5 Rg7 34. Qd4 Nc7 35. Qf4 Nd5 36. Qf3 Bd7 37. Rd1 a6 38. a3 Rd8 39. b4 Be8 40. Bc2 Bf7 41. Qg3 f4 42. Qf3 Rf8 43. Bb3 Qe7 44. e6 Bxe6 45. Bxg7 Qxg7 46. Re1 Bg4 47. Bxd5+ Kh7 48. Bg8+ Qxg8 49. Qxc6 f3 50. Qc7+ Kh6 51. Qd6 fxg2+ 52. Kxg2 1-0

[Event "23rd Hoogeveen Open 2019"]
[Site "Hoogeveen"]
[Date "2019.10.25"]
[Round "8.28"]
[White "Tabak, Stefan"]
[Black "Boersma, Jan"]
[Result "0-1"]
[ECO "B25"]
[WhiteElo "2181"]
[BlackElo "2070"]
[Annotator "NA"]
[PlyCount "74"]
[EventDate "2019.10.19"]
[EventType "swiss"]
[EventCountry "NED"]
[SourceTitle "playchess.com"]
[Source "ChessBase"]
[SourceQuality "1"]
[TimeControl "40/5400+30:1800+30"]

1. e4 c5 2. Nc3 g6 3. g3 Bg7 4. Bg2 Nc6 5. d3 d6 6. f4 Nh6 7. Nf3 O-O 8. O-O Rb8 9. h3 f5 10. Be3 b5 11. Qd2 b4 12. Nd1 Nd4 13. Kh2 Ba6 14. Re1 Nf7 15. Bf2 e5 16. exf5 gxf5 17. Ne3 Qd7 18. Nh4 Bb7 19. c3 Bxg2 20. Nexg2 bxc3 21. bxc3 Nc6 22. Ne3 Ne7 23. Rab1 d5 24. fxe5 Nxe5 25. Neg2 d4 26. cxd4 cxd4 27. Nf4 N7g6 28. Nfg2 Bf6 29. Qh6 Bxh4 30. gxh4 Nf3+ 31. Kh1 Qc7 32. Nf4 Nxe1 33. Rxb8 Qc6+ 34. Kh2 Rxb8 35. Bxe1 Rb2+ 36. Kg3 Qc1 37. Bf2 Qxf4+ 0-1

[Event "23rd Hoogeveen Open 2019"]
[Site "Hoogeveen"]
[Date "2019.10.25"]
[Round "8.29"]
[White "De Boer, Bas"]
[Black "Garcia Morales, Ivette Ale"]
[Result "1-0"]
[ECO "E11"]
[WhiteElo "2142"]
[BlackElo "2013"]
[Annotator "NA"]
[PlyCount "117"]
[EventDate "2019.10.19"]
[EventType "swiss"]
[EventCountry "NED"]
[SourceTitle "playchess.com"]
[Source "ChessBase"]
[SourceQuality "1"]
[TimeControl "40/5400+30:1800+30"]

1. d4 e6 2. c4 Nf6 3. g3 Bb4+ 4. Bd2 Qe7 5. Nf3 Nc6 6. Nc3 Bxc3 7. Bxc3 Ne4 8. Rc1 Nxc3 9. Rxc3 d6 10. d5 Nb8 11. Bg2 e5 12. O-O a5 13. Nd2 O-O 14. f4 f5 15. e4 Na6 16. exf5 Rxf5 17. Re3 Nc5 18. Qe2 Bd7 19. Nf3 Re8 20. Re1 Qf8 21. b3 c6 22. fxe5 cxd5 23. cxd5 dxe5 24. Nxe5 Rfxe5 25. Rxe5 Rxe5 26. Qxe5 Nd3 27. Qe3 Nxe1 28. Qxe1 Qc5+ 29. Kh1 h5 30. h3 h4 31. g4 g5 32. Qd2 Qe7 33. Qxa5 Qf6 34. Qe1 Qf4 35. d6 Qxd6 36. Qc1 Qe5 37. Bxb7 Be6 38. Bg2 Kg7 39. Qd1 Qc3 40. Qd6 Qc1+ 41. Kh2 Kf7 42. Qe5 Qd2 43. a4 Bxb3 44. a5 Be6 45. a6 Qf2 46. Qc7+ Kf6 47. a7 Bd5 48. Qd6+ Kg7 49. Qe5+ Kh6 50. Qd6+ Kg7 51. Qxd5 Qg3+ 52. Kg1 Qe3+ 53. Kf1 Qc1+ 54. Ke2 Qb2+ 55. Kd3 Qa3+ 56. Kd4 Qa4+ 57. Ke5 Qf4+ 58. Ke6 Qf7+ 59. Kd6 1-0

[Event "23rd Hoogeveen Open 2019"]
[Site "Hoogeveen"]
[Date "2019.10.25"]
[Round "8.30"]
[White "Achuthan, Dylan"]
[Black "Taams, Sander"]
[Result "1/2-1/2"]
[ECO "B50"]
[WhiteElo "1865"]
[BlackElo "2094"]
[Annotator "NA"]
[PlyCount "39"]
[EventDate "2019.10.19"]
[EventType "swiss"]
[EventCountry "NED"]
[SourceTitle "playchess.com"]
[Source "ChessBase"]
[SourceQuality "1"]
[TimeControl "40/5400+30:1800+30"]

1. e4 c5 2. Nf3 d6 3. c3 Nf6 4. Be2 Nc6 5. d4 cxd4 6. cxd4 e5 7. d5 Ne7 8. Nc3 g6 9. h3 Bg7 10. Be3 O-O 11. Nd2 Nd7 12. Nb5 f5 13. f3 fxe4 14. fxe4 Nc6 15. Nf3 Nd4 16. Nbxd4 exd4 17. Bxd4 Re8 18. Bxg7 Kxg7 19. Qd4+ Qf6 20. Rd1 1/2-1/2

[Event "23rd Hoogeveen Open 2019"]
[Site "Hoogeveen"]
[Date "2019.10.25"]
[Round "8.31"]
[White "Fehr, Axel"]
[Black "Mijnster, Niels"]
[Result "1-0"]
[ECO "B12"]
[WhiteElo "2045"]
[BlackElo "2145"]
[Annotator "NA"]
[PlyCount "99"]
[EventDate "2019.10.19"]
[EventType "swiss"]
[EventCountry "NED"]
[SourceTitle "playchess.com"]
[Source "ChessBase"]
[SourceQuality "1"]
[TimeControl "40/5400+30:1800+30"]

1. e4 c6 2. d4 d5 3. e5 Bf5 4. Nf3 e6 5. Be2 Nd7 6. O-O Ne7 7. Nbd2 Bg6 8. c4 dxc4 9. Nxc4 Nd5 10. Bg5 Qc7 11. Rc1 h6 12. Bh4 Bh7 13. Bd3 Bxd3 14. Qxd3 N7b6 15. Ncd2 Nf4 16. Qe4 g5 17. Bg3 Ng6 18. h4 Be7 19. h5 Nf4 20. Bxf4 gxf4 21. Qxf4 Nd5 22. Qe4 O-O-O 23. Nc4 Rdg8 24. a3 Rg7 25. Ne3 Rhg8 26. Ne1 Nxe3 27. Qxe3 Qa5 28. Qe4 Rg4 29. f4 Bh4 30. Rc2 Bg3 31. Nd3 Rd8 32. Nb4 Rh4 33. Rf3 Bh2+ 34. Kf1 Qb5+ 35. Ke1 Bg1 36. Rd3 a5 37. Rc5 Qa4 38. b3 Qxa3 39. Nxc6 Qa1+ 40. Rd1 Bf2+ 41. Ke2 Qb2+ 42. Rd2 Qa1 43. Nxd8+ Kxd8 44. Rd1 Qb2+ 45. Rc2 Qxb3 46. Kxf2 Rg4 47. Rdc1 Qg3+ 48. Kg1 Ke7 49. Rc8 Kd7 50. Qxb7# 1-0

[Event "23rd Hoogeveen Open 2019"]
[Site "Hoogeveen"]
[Date "2019.10.25"]
[Round "8.32"]
[White "Elgersma, Simon"]
[Black "Gijsen, William"]
[Result "1-0"]
[ECO "B90"]
[WhiteElo "2111"]
[BlackElo "2091"]
[Annotator "NA"]
[PlyCount "77"]
[EventDate "2019.10.19"]
[EventType "swiss"]
[EventCountry "NED"]
[SourceTitle "playchess.com"]
[Source "ChessBase"]
[SourceQuality "1"]
[TimeControl "40/5400+30:1800+30"]

1. e4 c5 2. Nf3 d6 3. d4 cxd4 4. Nxd4 Nf6 5. Nc3 a6 6. h3 e5 7. Nde2 Be7 8. g4 h6 9. Bg2 Nbd7 10. a4 b6 11. O-O O-O 12. Ng3 Bb7 13. Be3 Nc5 14. Qd2 Re8 15. b4 Ne6 16. Nd5 Nxd5 17. exd5 Nf4 18. c4 Rc8 19. Rfc1 Nxg2 20. Kxg2 Bg5 21. Bxg5 Qxg5 22. Qxg5 hxg5 23. Ne4 Red8 24. f3 f6 25. a5 b5 26. c5 dxc5 27. Nxc5 Bxd5 28. Nxa6 e4 29. fxe4 Bxe4+ 30. Kf2 Rxc1 31. Rxc1 Rd3 32. Nc5 Rd4 33. Ke3 Rxb4 34. Nxe4 Ra4 35. Rc8+ Kf7 36. Ra8 b4 37. a6 Ra3+ 38. Kd2 g6 39. a7 1-0

[Event "23rd Hoogeveen Open 2019"]
[Site "Hoogeveen"]
[Date "2019.10.25"]
[Round "8.33"]
[White "Vasse, Albert"]
[Black "Otten, Martijn"]
[Result "0-1"]
[ECO "C00"]
[WhiteElo "1934"]
[BlackElo "2101"]
[Annotator "NA"]
[PlyCount "88"]
[EventDate "2019.10.19"]
[EventType "swiss"]
[EventCountry "NED"]
[SourceTitle "playchess.com"]
[Source "ChessBase"]
[SourceQuality "1"]
[TimeControl "40/5400+30:1800+30"]

1. e4 e6 2. Nf3 d5 3. e5 c5 4. b4 d4 5. Bc4 Nc6 6. bxc5 Bxc5 7. O-O Nge7 8. d3 Ng6 9. Bb5 Bd7 10. Bxc6 Bxc6 11. Re1 O-O 12. a4 Qc7 13. Qe2 Bxf3 14. gxf3 Bb4 15. Bd2 Bxd2 16. Nxd2 Qxc2 17. Rec1 Nf4 18. Rxc2 Nxe2+ 19. Kf1 Nf4 20. Ra3 Rac8 21. Nc4 Rc5 22. Ke1 Rfc8 23. Kd2 Ng6 24. Rb3 b6 25. Na3 Nxe5 26. Rxc5 Rxc5 27. Nb5 Nxf3+ 28. Ke2 Nxh2 29. Nxa7 h5 30. Rxb6 Ra5 31. Nc6 Rxa4 32. Rb8+ Kh7 33. Rd8 Ra2+ 34. Ke1 Nf3+ 35. Kf1 e5 36. Rd5 f6 37. Ne7 h4 38. Nf5 h3 39. Ng3 Ra1+ 40. Ke2 Ng5 41. Nf1 Ra2+ 42. Nd2 h2 43. Rd7 h1=Q 44. Rxg7+ Kxg7 0-1

[Event "23rd Hoogeveen Open 2019"]
[Site "Hoogeveen"]
[Date "2019.10.25"]
[Round "8.34"]
[White "Van der Veen, Jan"]
[Black "Noordenbos, Daan"]
[Result "0-1"]
[ECO "C01"]
[WhiteElo "2043"]
[BlackElo "2133"]
[Annotator "NA"]
[PlyCount "70"]
[EventDate "2019.10.19"]
[EventType "swiss"]
[EventCountry "NED"]
[SourceTitle "playchess.com"]
[Source "ChessBase"]
[SourceQuality "1"]
[TimeControl "40/5400+30:1800+30"]

1. e4 e6 2. d4 d5 3. Nc3 Bb4 4. exd5 exd5 5. Bd3 Nc6 6. Nge2 Bg4 7. f3 Bh5 8. O-O Nge7 9. a3 Ba5 10. Be3 Qd7 11. Na4 Bb6 12. Nxb6 axb6 13. Nf4 Bg6 14. Nxg6 hxg6 15. Bf2 O-O 16. Qd2 Nf5 17. Qf4 Rac8 18. Rae1 Nd6 19. Re2 Rfe8 20. Rfe1 Rxe2 21. Rxe2 Re8 22. Rxe8+ Qxe8 23. b3 Qa8 24. Qc1 Na5 25. g4 Qc8 26. Qf4 Qd7 27. Qg5 Ne8 28. h4 Nf6 29. Kg2 Nc6 30. c3 Nd8 31. Qe5 Ne6 32. Bg3 Qc6 33. Qe1 Qd7 34. a4 Qe7 35. b4 Nf4+ 0-1

[Event "23rd Hoogeveen Open 2019"]
[Site "Hoogeveen"]
[Date "2019.10.25"]
[Round "8.35"]
[White "Klaren, Duncan"]
[Black "Merkon, Oseb"]
[Result "0-1"]
[ECO "B30"]
[WhiteElo "1923"]
[BlackElo "1930"]
[Annotator "NA"]
[PlyCount "80"]
[EventDate "2019.10.19"]
[EventType "swiss"]
[EventCountry "NED"]
[SourceTitle "playchess.com"]
[Source "ChessBase"]
[SourceQuality "1"]
[TimeControl "40/5400+30:1800+30"]

1. e4 c5 2. Nf3 Nc6 3. Nc3 e5 4. Bc4 d6 5. d3 Be7 6. Nd2 Nf6 7. Nf1 Bg4 8. f3 Be6 9. Ne3 a6 10. a4 Nd4 11. O-O Rb8 12. a5 Nc6 13. Ned5 Nxa5 14. Ba2 Nc6 15. f4 exf4 16. Bxf4 h6 17. Qf3 Nd4 18. Qf2 Rc8 19. Rae1 Ng4 20. Qd2 Bg5 21. h3 Ne5 22. Ne2 Nxe2+ 23. Qxe2 Bxf4 24. Rxf4 Qg5 25. Ref1 Bxh3 26. Nb6 Rc6 27. Nc4 Nxc4 28. Bxc4 f6 29. Bd5 Rc7 30. c3 Re7 31. Qf3 Bc8 32. d4 h5 33. dxc5 dxc5 34. Qf2 b6 35. Bc6+ Kf7 36. Rd1 Be6 37. Bd5 Rhe8 38. Rf5 Qg4 39. Rf1 Bxd5 40. exd5 Re2 0-1

[Event "23rd Hoogeveen Open 2019"]
[Site "Hoogeveen"]
[Date "2019.10.19"]
[Round "9"]
[White "Pruijssers, Roeland"]
[Black "De Boer, Bas"]
[Result "1-0"]
[ECO "C44"]
[WhiteElo "2550"]
[BlackElo "2142"]
[Annotator "ChessBase"]
[PlyCount "75"]
[EventDate "2019.10.19"]
[EventType "swiss"]
[EventCountry "NED"]
[SourceTitle "playchess.com"]
[Source "ChessBase"]
[SourceQuality "1"]
[TimeControl "40/5400+30:1800+30"]

1. e4 e5 2. Nf3 Nf6 3. d3 Nc6 4. Be2 Bc5 5. O-O O-O 6. c3 d5 7. Nbd2 Re8 8. b4 Bf8 9. Bb2 dxe4 10. dxe4 Bg4 11. h3 Bh5 12. Qc2 Bg6 13. Rad1 a5 14. a3 Bd6 15. Rfe1 axb4 16. axb4 Qe7 17. Nh4 Nh5 18. Nxg6 hxg6 19. Nc4 Nf4 20. Bf1 g5 21. Ne3 Qe6 22. Kh2 Qg6 23. g3 Ne6 24. Nf5 Bf8 25. Bc4 Qh5 26. Be2 Qh7 27. Kg2 Ne7 28. Rh1 Ng6 29. Bc1 Be7 30. Bg4 Bf6 31. Qe2 Ra1 32. Qb5 Rb8 33. Be3 Ra2 34. Qc4 Rba8 35. Qd5 b6 36. Qc6 R8a3 37. Qe8+ Nef8 38. Rd7 1-0

[Event "23rd Hoogeveen Open 2019"]
[Site "Hoogeveen"]
[Date "2019.10.19"]
[Round "9"]
[White "Ernst, Sipke"]
[Black "Van Foreest, Machteld"]
[Result "1-0"]
[ECO "E11"]
[WhiteElo "2523"]
[BlackElo "2142"]
[Annotator "ChessBase"]
[PlyCount "111"]
[EventDate "2019.10.19"]
[EventType "swiss"]
[EventCountry "NED"]
[SourceTitle "playchess.com"]
[Source "ChessBase"]
[SourceQuality "1"]
[TimeControl "40/5400+30:1800+30"]

1. d4 Nf6 2. c4 e6 3. g3 d5 4. Nf3 Bb4+ 5. Bd2 Be7 6. Bg2 c6 7. Qc2 b6 8. O-O Ba6 9. Ne5 Nfd7 10. cxd5 cxd5 11. Bf4 O-O 12. Nc3 Nxe5 13. Bxe5 Qd7 14. Rac1 Rc8 15. Bf4 Nc6 16. Qa4 Nb8 17. Qd1 Nc6 18. Re1 f5 19. Qa4 Bb7 20. h4 a6 21. Qd1 Bf6 22. e3 Re8 23. Na4 Bd8 24. b3 Ne7 25. Qd2 Bc6 26. Nb2 Ng6 27. Bg5 Bxg5 28. hxg5 Rac8 29. Qb4 Qd8 30. f4 a5 31. Qd2 Bb5 32. Rxc8 Qxc8 33. Rc1 Qd7 34. Bf1 Bxf1 35. Kxf1 Ne7 36. Nd3 Qb5 37. Ke1 Nc8 38. Ne5 Nd6 39. Qc3 Nf7 40. a4 Qa6 41. Qc6 Qa8 42. Qxa8 Rxa8 43. Rc6 Nxe5 44. dxe5 Kf7 45. Rxb6 Ra7 46. Ke2 Ke7 47. Kd3 Kd7 48. Rb8 g6 49. Kd4 Kc6 50. Rd8 Rb7 51. Rd6+ Kc7 52. Rxe6 Rxb3 53. Kxd5 Rxe3 54. Re7+ Kd8 55. Rxh7 Rxg3 56. Ke6 1-0

[Event "23rd Hoogeveen Open 2019"]
[Site "Hoogeveen"]
[Date "2019.10.19"]
[Round "9"]
[White "Schoppen, Casper"]
[Black "Van der Velde, Henk"]
[Result "1-0"]
[ECO "B12"]
[WhiteElo "2508"]
[BlackElo "2118"]
[Annotator "ChessBase"]
[PlyCount "75"]
[EventDate "2019.10.19"]
[EventType "swiss"]
[EventCountry "NED"]
[SourceTitle "playchess.com"]
[Source "ChessBase"]
[SourceQuality "1"]
[TimeControl "40/5400+30:1800+30"]

1. e4 c6 2. d4 d5 3. e5 Bf5 4. Nd2 e6 5. Nb3 Nd7 6. Nf3 Ne7 7. Be2 Ng6 8. O-O f6 9. Ne1 h5 10. f4 h4 11. c3 Qb6 12. Bg4 Ne7 13. Nd3 Bxg4 14. Qxg4 f5 15. Qh3 Ng6 16. Be3 Be7 17. Nd2 Qa6 18. Bf2 Kf7 19. b3 b6 20. c4 Qb7 21. Rac1 a5 22. Qf3 Rac8 23. Rc2 Rc7 24. Rfc1 Rhc8 25. Qe2 Qb8 26. Nf3 Qb7 27. h3 b5 28. Qd2 b4 29. Qe1 c5 30. dxc5 Nxc5 31. Nxc5 Bxc5 32. Kh2 Bxf2 33. Qxf2 dxc4 34. bxc4 Qa7 35. c5 Rc6 36. Nd4 Rxc5 37. Rxc5 Rxc5 38. Nc6 1-0

[Event "23rd Hoogeveen Open 2019"]
[Site "Hoogeveen"]
[Date "2019.10.19"]
[Round "9"]
[White "Beerdsen, Thomas"]
[Black "Elgersma, Simon"]
[Result "1-0"]
[ECO "D31"]
[WhiteElo "2472"]
[BlackElo "2111"]
[Annotator "ChessBase"]
[PlyCount "51"]
[EventDate "2019.10.19"]
[EventType "swiss"]
[EventCountry "NED"]
[SourceTitle "playchess.com"]
[Source "ChessBase"]
[SourceQuality "1"]
[TimeControl "40/5400+30:1800+30"]

1. d4 d5 2. c4 e6 3. Nc3 a6 4. cxd5 exd5 5. Bf4 Nf6 6. e3 Bd6 7. Bxd6 Qxd6 8. Bd3 O-O 9. Nge2 Re8 10. Rc1 b6 11. h3 Bb7 12. O-O Nbd7 13. Ng3 g6 14. Qf3 c5 15. Nge2 Kg7 16. Rfd1 Rad8 17. b3 Nf8 18. dxc5 bxc5 19. Qf4 Re5 20. Na4 Ne6 21. Qh2 d4 22. Bc4 Qc6 23. Bxe6 fxe6 24. Nxd4 Red5 25. Nxc5 Kf7 26. Nxb7 1-0

[Event "23rd Hoogeveen Open 2019"]
[Site "Hoogeveen"]
[Date "2019.10.19"]
[Round "9"]
[White "Romanishin, Oleg M"]
[Black "Otten, Martijn"]
[Result "1-0"]
[ECO "D15"]
[WhiteElo "2441"]
[BlackElo "2101"]
[Annotator "ChessBase"]
[PlyCount "57"]
[EventDate "2019.10.19"]
[EventType "swiss"]
[EventCountry "NED"]
[SourceTitle "playchess.com"]
[Source "ChessBase"]
[SourceQuality "1"]
[TimeControl "40/5400+30:1800+30"]

1. d4 d5 2. Nf3 Nf6 3. c4 c6 4. Nc3 dxc4 5. e3 b5 6. a4 b4 7. Ne2 e6 8. Nf4 Ba6 9. Ne5 c5 10. Bxc4 Bxc4 11. Nxc4 Nbd7 12. O-O Qc7 13. Bd2 Rd8 14. Rc1 Be7 15. Qe2 Qb8 16. e4 cxd4 17. e5 d3 18. Nxd3 Nd5 19. Na5 Qb6 20. Nc6 Ra8 21. Nxe7 Kxe7 22. Qg4 Rag8 23. Nxb4 Nc7 24. Nc6+ Ke8 25. Ba5 Qb7 26. Qb4 Qxb4 27. Nxb4 Nd5 28. Rc8+ Ke7 29. Nc6# 1-0

[Event "23rd Hoogeveen Open 2019"]
[Site "Hoogeveen"]
[Date "2019.10.19"]
[Round "9"]
[White "Zwirs, Nico"]
[Black "Taams, Sander"]
[Result "1-0"]
[ECO "B90"]
[WhiteElo "2421"]
[BlackElo "2094"]
[Annotator "ChessBase"]
[PlyCount "83"]
[EventDate "2019.10.19"]
[EventType "swiss"]
[EventCountry "NED"]
[SourceTitle "playchess.com"]
[Source "ChessBase"]
[SourceQuality "1"]
[TimeControl "40/5400+30:1800+30"]

1. e4 c5 2. Nf3 d6 3. d4 cxd4 4. Nxd4 Nf6 5. Nc3 a6 6. Bd3 e5 7. Nde2 Be6 8. f4 Qb6 9. h3 Nc6 10. f5 Bd7 11. Bg5 Ne7 12. Qd2 d5 13. exd5 Nexd5 14. Nxd5 Nxd5 15. Bc4 Nf6 16. O-O-O Bc5 17. Qc3 O-O-O 18. Bxf7 Kb8 19. Qxe5+ Ka8 20. Nd4 Rc8 21. Bb3 Bxd4 22. Qxd4 Qxd4 23. Rxd4 Bxf5 24. Bxf6 gxf6 25. Rf1 Bg6 26. Rxf6 Rhe8 27. Rf2 Re1+ 28. Rd1 Re5 29. c3 Ka7 30. Bc2 Rce8 31. Bxg6 hxg6 32. Rd7 g5 33. Rff7 Kb6 34. Rxb7+ Ka5 35. Kc2 Ka4 36. Rb4+ Ka5 37. Kb3 Rd8 38. Rfb7 Rb5 39. Ka3 Rxb7 40. Rxb7 Rd4 41. b4+ Rxb4 42. cxb4# 1-0

[Event "23rd Hoogeveen Open 2019"]
[Site "Hoogeveen"]
[Date "2019.10.19"]
[Round "9"]
[White "Seul, Georg"]
[Black "Van Dorp, Folke"]
[Result "1-0"]
[ECO "B50"]
[WhiteElo "2411"]
[BlackElo "2086"]
[Annotator "ChessBase"]
[PlyCount "151"]
[EventDate "2019.10.19"]
[EventType "swiss"]
[EventCountry "NED"]
[SourceTitle "playchess.com"]
[Source "ChessBase"]
[SourceQuality "1"]
[TimeControl "40/5400+30:1800+30"]

1. e4 c5 2. Nf3 d6 3. Bc4 e6 4. O-O Nf6 5. Re1 Be7 6. Bb3 a6 7. c3 b5 8. d4 Bb7 9. Nbd2 Nbd7 10. Bc2 cxd4 11. cxd4 O-O 12. Nf1 Re8 13. Ng3 Nf8 14. Bd3 Ng6 15. Bd2 Qd7 16. Qb3 Bc6 17. Rad1 Qb7 18. Qc2 Rac8 19. Qb1 Red8 20. Bg5 Nf8 21. Rc1 h6 22. Bd2 Qd7 23. Rc2 Ba8 24. Rxc8 Rxc8 25. Qd1 Qb7 26. Qe2 N6h7 27. a4 Rb8 28. axb5 axb5 29. Ra1 Qd7 30. b4 Bc6 31. h3 Qb7 32. Ra5 Bd7 33. Qf1 Nf6 34. Qa1 Bd8 35. Ra7 Qc8 36. Ra6 Bb6 37. Ra3 Qb7 38. Bf4 Ne8 39. Nh5 Ng6 40. Bd2 Bc6 41. Qb1 Bd8 42. Qe1 Ra8 43. Rxa8 Qxa8 44. d5 exd5 45. exd5 Bd7 46. Bf5 Qb7 47. Bc3 Ne7 48. Bxd7 Qxd7 49. Bxg7 Qf5 50. Ng3 Qg6 51. Bb2 Ng7 52. Bxg7 Qxg7 53. Qe4 Qg6 54. Nd4 Qxe4 55. Nxe4 Nxd5 56. Nxb5 Nxb4 57. Nbxd6 Kg7 58. g4 Nd5 59. Kg2 Bc7 60. h4 Bxd6 61. Nxd6 Ne7 62. Kf3 Ng8 63. Kf4 Kf6 64. Nf5 Kg6 65. h5+ Kh7 66. g5 hxg5+ 67. Kxg5 Kh8 68. Nh6 f6+ 69. Kg6 Ne7+ 70. Kxf6 Nd5+ 71. Kg5 Kh7 72. Ng4 Ne7 73. f4 Kh8 74. f5 Ng8 75. h6 Nf6 76. Kxf6 1-0

[Event "23rd Hoogeveen Open 2019"]
[Site "Hoogeveen"]
[Date "2019.10.19"]
[Round "9"]
[White "Mijnster, Niels"]
[Black "Basso, Pier Luigi"]
[Result "0-1"]
[ECO "D47"]
[WhiteElo "2145"]
[BlackElo "2575"]
[Annotator "ChessBase"]
[PlyCount "56"]
[EventDate "2019.10.19"]
[EventType "swiss"]
[EventCountry "NED"]
[SourceTitle "playchess.com"]
[Source "ChessBase"]
[SourceQuality "1"]
[TimeControl "40/5400+30:1800+30"]

1. d4 d5 2. c4 c6 3. Nf3 Nf6 4. Nc3 e6 5. e3 Nbd7 6. Bd3 dxc4 7. Bxc4 b5 8. Bd3 Bb7 9. e4 b4 10. Na4 c5 11. e5 Nd5 12. dxc5 Nxc5 13. Nxc5 Bxc5 14. Bb5+ Kf8 15. O-O h6 16. Qe2 g6 17. Bd2 Qb6 18. Rac1 Kg7 19. Bc4 Rad8 20. Ne1 Ne7 21. Nd3 Qc6 22. Qg4 Rd4 23. Qh3 Nf5 24. Nxc5 Qxc5 25. Be3 Nxe3 26. fxe3 Rxc4 27. Rxf7+ Kxf7 28. Rf1+ Kg7 0-1

[Event "23rd Hoogeveen Open 2019"]
[Site "Hoogeveen"]
[Date "2019.10.19"]
[Round "9"]
[White "Sparenberg, Erik"]
[Black "Werle, Jan"]
[Result "0-1"]
[ECO "D02"]
[WhiteElo "2142"]
[BlackElo "2544"]
[Annotator "ChessBase"]
[PlyCount "92"]
[EventDate "2019.10.19"]
[EventType "swiss"]
[EventCountry "NED"]
[SourceTitle "playchess.com"]
[Source "ChessBase"]
[SourceQuality "1"]
[TimeControl "40/5400+30:1800+30"]

1. Nf3 Nf6 2. g3 d5 3. Bg2 Nbd7 4. d4 e6 5. O-O b5 6. a4 b4 7. c4 bxc3 8. bxc3 Ba6 9. Re1 Be7 10. Nbd2 O-O 11. e4 c5 12. exd5 Nxd5 13. c4 Nb4 14. Ba3 Rb8 15. d5 exd5 16. Bxb4 Rxb4 17. cxd5 Bf6 18. Ra3 Nb6 19. Ne5 Bxe5 20. Rxe5 Rd4 21. Qc2 Nxd5 22. Nf3 Rc4 23. Qb2 Nb4 24. Qb1 Rc2 25. Rb3 Qc7 26. Ree3 Rd8 27. h4 h6 28. Ne1 Rcd2 29. Qf5 Bc8 30. Qh5 Nd5 31. Re2 Nf6 32. Qe5 Qxe5 33. Rxe5 Be6 34. Rb7 c4 35. Rxa7 Ng4 36. Re4 Nxf2 37. Re3 Ng4 38. Re4 Rc8 39. Bf3 Nf6 40. Re2 c3 41. Nc2 Bb3 42. Rxd2 cxd2 43. Ne3 Rc1+ 44. Kf2 d1=Q 45. Ra8+ Kh7 46. Nxd1 Bxd1 0-1